 Dungeon Crawl Stone Soup version 0.23.1-37-gaa34b87 (webtiles) character file.

Game seed: 4254954114507242338

105 dhn the Shield-Bearer (level 4, -6/60 HPs)
             Began as a Minotaur Fighter on Mar 26, 2019.
             Mangled by Duvessa
             ... wielding a +4 short sword of flaming
              (8 damage)
             ... on level 4 of the Dungeon.
             The game lasted 00:02:20 (2010 turns).

dhn the Shield-Bearer (Minotaur Fighter)            Turns: 2010, Time: 00:02:21

Health: -6/60      AC:  7    Str: 25    XL:     4   Next: 54%
Magic:  3/3        EV:  8    Int: 10    God:
Gold:   76         SH: 10    Dex: 11    Spells: 3/3 levels left

rFire    . . .     SeeInvis .   a - +0 war axe
rCold    . . .     Gourm    .   c - +0 shield
rNeg     . . .     Faith    .   b - +0 scale mail
rPois    .         Spirit   .   (helmet restricted)
rElec    .         Reflect  .   (no cloak)
rCorr    .         Harm     .   (no gloves)
MR       .....                  (no boots)
Stlth    ..........             (no amulet)
HPRegen  0.20/turn              j - +5 ring of intelligence
MPRegen  0.08/turn              q - ring of stealth

@: berserking, very quick
A: retaliatory headbutt, horns 2
a: no special abilities


You were on level 4 of the Dungeon.
You were hungry.

You visited 1 branch of the dungeon, and saw 4 of its levels.

You collected 76 gold pieces.

Inventory:

Hand Weapons
 a - a +0 war axe (weapon)
Armour
 b - a +0 scale mail (worn)
 c - a +0 shield (worn)
Jewellery
 j - a +5 ring of intelligence (left hand)
 q - a ring of stealth (right hand)
Scrolls
 k - 3 scrolls of remove curse {unknown}
 m - a scroll of blinking {unknown}
 o - 2 scrolls of magic mapping {unknown}
 r - a scroll of teleportation {unknown}
Potions
 d - a potion of might
 e - 2 potions of flight {unknown}
 g - 2 potions of haste {unknown}
 h - a potion of agility {unknown}
 i - a potion of berserk rage
 l - a potion of heal wounds {unknown}
 n - a potion of mutation {unknown}
 p - a potion of curing {unknown}
Comestibles
 f - 7 rations


   Skills:
 + Level 4.2 Fighting
 + Level 3.1 Axes
 + Level 4.5 Armour
 + Level 1.0 Dodging
 + Level 4.8 Shields


You had 3 spell levels left.
You didn't know any spells.
Your spell library was empty.

Dungeon Overview and Level Annotations

Branches:
Dungeon (4/15)
 Temple: D:4-7

Altars:
Trog

Annotations:
D:4 Dowan, Duvessa


Innate Abilities, Weirdness & Mutations

You reflexively headbutt those who attack you in melee.
You have a pair of horns on your head.


Message History

You headbutt Dowan. You hit Duvessa. You headbutt Duvessa.
Duvessa is heavily wounded.
Your shield and scale mail prevent you from hitting Dowan.
Dowan says, "My weaknesses are her strengths!"
You block Dowan's attack.
Duvessa hits you with a +4 short sword of flaming!
* * * LOW HITPOINT WARNING * * *
Duvessa burns you.
* * * LOW HITPOINT WARNING * * *
It was a potion of berserk rage.
A red film seems to cover your vision as you go berserk!
You feel yourself moving faster!
You feel mighty! Duvessa closely misses you. Dowan hits you but does no damage.
Unknown command.
You closely miss Duvessa. Your headbutt misses Duvessa.
Duvessa is heavily wounded.
You closely miss Dowan.
Duvessa hits you with a +4 short sword of flaming!
You die...

####.#..# .
....###.# ..
##.....# #
###.##...†.#
#.#..........#
#.#. .##.....#
... #....)#
#.#.######.###
#.....e@e..#
.......########
.####.. #.. #..


e.e .... #### You could see Duvessa and Dowan.

Vanquished Creatures
  A gnoll (D:2)
  2 adders
  2 worms
  2 dart slugs
  2 leopard geckos
  An orc (D:4)
  9 bats
  3 giant cockroaches
  6 goblins
  11 hobgoblins
  7 jackals
  2 frilled lizards (D:2)
  7 kobolds (D:1)
  7 rats
62 creatures vanquished.

Notes
Turn   | Place    | Note
-------+----------+-------------------------------------------
     0 | D:1      | dhn the Minotaur Fighter began the quest for the Orb.
     0 | D:1      | Reached XP level 1. HP: 19/19 MP: 0/0
    81 | D:1      | Reached XP level 2. HP: 21/27 MP: 1/1
   464 | D:1      | Reached XP level 3. HP: 33/33 MP: 2/2
  1113 | D:2      | Reached XP level 4. HP: 38/40 MP: 3/3
  1746 | D:3      | Found a bloodstained altar of Trog.
  1979 | D:4      | Reached skill level 1 in Dodging
  1991 | D:4      | Noticed Duvessa
  1991 | D:4      | Noticed Dowan
  2008 | D:4      | HP: 1/40 [Duvessa/+4 short sword of flaming (4)]
  2010 | D:4      | Mangled by Duvessa

Skill      XL: |  1  2  3  4 |
---------------+-------------+-----
Armour         | 4 |  4.5
Fighting       | 4 |  4.2
Shields        | 4 |  4.8
Axes           | 3 |  3.1
Dodging        | 1 |  1.0

Action                   |  1- 3 |  4- 6 || total
-------------------------+-------+-------++-------
Melee: War axe           |    96 |    58 ||   154
       Headbutt          |    18 |    15 ||    33
  Use: Potion            |       |     1 ||     1
  Eat: Chunk             |       |     3 ||     3
Armor: Scale mail        |    29 |    31 ||    60
Dodge: Dodged            |    25 |    19 ||    44
Block: Shield            |    51 |    32 ||    83
